 Dungeon Crawl Stone Soup version 0.31.0-12-g77e489cdc1 (webtiles) character file.

Game seed: 10931874120315559011

247 PriceMaster the Covered (level 5, -2/47 HPs)
             Began as a Minotaur Fighter on Feb 16, 2024.
             Was an Initiate of Okawaru.
             Slain by an ogre
             ... wielding a +0 giant club
              (10 damage)
             ... on level 4 of the Dungeon.
             The game lasted 00:03:54 (4109 turns).

PriceMaster the Covered (Minotaur Fighter)          Turns: 4109, Time: 00:03:54

Health: -2/47      AC: 13    Str: 23    XL:     5   Next: 85%
Magic:  4/4        EV:  6    Int:  5    God:    Okawaru [......]
Gold:   169        SH:  4    Dex:  9    Spells: 4/4 levels left

rFire   . . .        a - +0 trident (elec)
rCold   . . .        c - +0 buckler
rNeg    . . .        n - +0 plate armour
rPois   .            (helmet restricted)
rElec   .            (no cloak)
rCorr   .            (no gloves)
SInv    .            f - +0 pair of boots
Will    .....        (no amulet) Stlth
                     (no ring)
HPRegen 0.27/turn    (no ring)
MPRegen 0.09/turn

%: no passive effects
@: no status effects
A: horns 2, retaliatory headbutt
a: Renounce Religion


You were on level 4 of the Dungeon.
You worshipped Okawaru.
Okawaru was noncommittal.
You visited 1 branch of the dungeon, and saw 4 of its levels.

You collected 169 gold pieces.

Inventory:

Hand Weapons
 a - a +0 trident of electrocution (weapon)
 h - a +0 quick blade
Armour
 b - a +0 scale mail
 c - a +0 buckler (worn)
 f - a +0 pair of boots (worn)
 n - a +0 plate armour (worn)
Jewellery
 m - a ring of see invisible
Wands
 d - a wand of flame (11)
 p - a wand of paralysis (9)
Scrolls
 i - 2 scrolls of identify {unknown}
 l - 2 scrolls of enchant weapon {unknown}
 r - a scroll of poison {unknown}
Potions
 e - a potion of haste {unknown}
 g - a potion of curing
 j - 2 potions of brilliance
 k - a potion of cancellation
 o - a potion of degeneration {unknown}
 q - a potion of heal wounds {unknown}


   Skills:
 + Level 4.5 Fighting
 + Level 1.7 Short Blades
 + Level 3.8 Polearms
 + Level 5.7 Armour
 + Level 0.7 Dodging
 + Level 0.1 Stealth
 + Level 4.4 Shields


You had 4 spell levels left.
You didn't know any spells.
Your spell library contained the following spells:

 Spells                   Type           Power      Damage    Failure   Level
 Freeze                   Ice            0%         1d3       100%        1
 Magic Dart               Conj           0%         1d3       100%        1
 Blink                    Tloc           0%         N/A       100%        2
 Frozen Ramparts          Ice            0%         1d1       100%        3
 Hailstorm                Conj/Ice       0%         3d5       100%        3
 Call Imp                 Summ           Unusable   N/A       N/A         2

Dungeon Overview and Level Annotations

Branches:
Dungeon (4/15)
 Temple: D:4-7

Altars:
Makhleb
Okawaru

Shops:
D:2 ([:


Innate Abilities, Weirdness & Mutations

You have a pair of horns on your head.
You reflexively headbutt those who attack you in melee.


Message History

The hound is severely wounded.
The hound bites you but does no damage.
You closely miss the hound. Your headbutt misses the hound.
The hound is severely wounded.
You block the hound's attack. The hound bites you but does no damage.
You hit the hound.
The hound is almost dead.
The hound closely misses you. The hound bites you but does no damage.
You barely miss the hound.
The hound is almost dead.
You block the hound's attack.
You closely miss the hound.
The hound is almost dead.
The hound completely misses you. You furiously retaliate!
You headbutt the hound!
You kill the hound!
Okawaru accepts your kill.
No target in view!
You now have 169 gold pieces (gained 3).
i - 2 scrolls labelled VOLURU QEIR (gained 1)
An ogre comes into view. It is wielding a +0 giant club.
The ogre shouts!
An ogre is nearby!
It was a potion of curing.
You feel better.
A jackal comes into view.
It was a potion of cancellation.
You feel magically purged.
The jackal barks!
A jackal comes into view.
The jackal barks!
You hear a bark!
A jackal comes into view.
You hit the ogre.
The ogre is lightly wounded.
The ogre hits you with a +0 giant club!
You puncture the ogre! You headbutt the ogre.
The ogre is heavily wounded.
The ogre hits you with a +0 giant club!!
Ouch! That really hurt!
* * * LOW HITPOINT WARNING * * *
The ogre attacks as it pursues you! The ogre hits you with a +0 giant club!
You die...

#.##......##...##.....##
##...
#.##......##...#8....8#
#8..
#.........##...##...###
###.
####..##.....##........#
.
...#..###..............#
# ...#..#
#.#####........#
...#..###.#......#+#####
##...............#.#
#..#......#.....@#.#####.
#....####.#####.hO.h.....
#........................
#....#.##..........#####.
.....................
>..................###
#....####.#####.#.##
#....# #.#.# #....# #
#.#.#


You could see an ogre and 2 jackals.

Vanquished Creatures
  A hound (D:4)
  A bombardier beetle (D:4)
  Robin (D:2)
  4 gnolls (D:3)
  4 adders
  2 ufetubi (D:4)
  2 ribbon worms (D:3)
  2 dart slugs (D:3)
  An orc (D:3)
  3 ball pythons
  5 endoplasms
  3 giant cockroaches
  17 goblins
  12 hobgoblins
  5 kobolds
  7 quokkas
  3 bats (D:1)
  7 rats
80 creatures vanquished.

Notes
Turn   | Place    | Note
-------+----------+-------------------------------------------
     0 | D:1      | PriceMaster the Minotaur Fighter began the quest for the
                  | Orb.
     0 | D:1      | Reached XP level 1. HP: 19/19 MP: 0/0
   255 | D:1      | Reached XP level 2. HP: 27/27 MP: 1/1
   514 | D:1      | Reached skill level 4 in Armour
   842 | D:2      | Noticed Robin
   854 | D:1      | Reached XP level 3. HP: 6/33 MP: 2/2
  1064 | D:2      | Killed Robin
  1510 | D:2      | Found Enenwil's Book Shoppe.
  1521 | D:2      | Reached XP level 4. HP: 40/40 MP: 3/3
  1633 | D:2      | Found Kehoho Kote's Weapon Shoppe.
  1721 | D:2      | Found Qiwk's Antique Armour Emporium.
  2150 | D:3      | Found a burning altar of Makhleb.
  2289 | D:3      | Reached skill level 1 in Short Blades
  2293 | D:3      | Reached XP level 5. HP: 27/47 MP: 4/4
  2296 | D:3      | Reached skill level 5 in Armour
  3821 | D:4      | Found an iron altar of Okawaru.
  3846 | D:4      | Became a worshipper of Warmaster Okawaru
  4102 | D:4      | Noticed an ogre
  4109 | D:4      | Slain by an ogre

Illustrated notes

Levels and vault maps discovered:
D:1:      amcnicky_arrival_abandoned_market, layout_basic,
          kennysheep_pointless_box
D:2:      layout_loops_ring, serial_shops,
          nicolae_shop_temple_entry_statues_fountains, shop_statue, shop,
          uniq_robin
D:3:      layout_basic, mainiacjoe_overflow_six_doors_small, lemuel_flame_loot_1
D:4:      layout_basic, okawaru_metal_pillars_3, ebering_ghost_reflecting_pool,
          serial_corexii_hall, corexii_hall_statues_x, chequers_hall_statues_y

Skill      XL: |  1  2  3  4  5 |
---------------+----------------+-----
Fighting       | 4 |  4.5
Armour         | 4 5 |  5.7
Shields        | 4 |  4.4
Polearms       | 3 |  3.8
Short Blades   | 1 |  1.7
Dodging        | |  0.7
Stealth        | |  0.1

Action                     |  1- 3 |  4- 6 || total
---------------------------+-------+-------++-------
  Melee: Trident           |    63 |    40 ||   103
         Headbutt          |     9 |    26 ||    35
         Quick blade       |    12 |   125 ||   137
    Use: Scroll            |     3 |       ||     3
         Potion            |     1 |     3 ||     4
 Armour: Scale mail        |    44 |    61 ||   105
         Plate armour      |       |    51 ||    51
  Dodge: Dodged            |    30 |    58 ||    88
  Block: Buckler           |    21 |    27 ||    48
